 Dungeon Crawl Stone Soup version 0.25.0-1-g7eea58d (webtiles) character file.

Game seed: 15576312410105024468

49 malesh the Charmwright (level 3, -9/28 HPs)
             Began as a Barachi Skald on June 17, 2020.
             Killed by divine providence
             ... invoked by an orc priest
              (13 damage)
             ... on level 4 of the Dungeon.
             The game lasted 00:04:40 (1461 turns).

malesh the Charmwright (Barachi Skald)              Turns: 1461, Time: 00:04:40

Health: -9/28      AC:  4    Str: 12    XL:     3   Next: 77%
Magic:  4/6        EV: 12    Int: 14    God:
Gold:   15         SH:  0    Dex: 11    Spells: 1/6 levels left

rFire    + . .     SeeInvis .   a - +0 falchion
rCold    + . .     Gourm    .   (no shield)
rNeg     . . .     Faith    .   b - +1 leather armour
rPois    .         Spirit   .   (no helmet)
rElec    .         Reflect  .   c - scarf {rC+ rF+}
rCorr    .         Harm     .   (no gloves)
MR       .....                  (no boots)
Stlth    +.........             (no amulet)
HPRegen  0.09/turn              (no ring)
MPRegen  0.10/turn              (no ring)

@: infused, slow
A: +LOS, swims, slowness 1, strong legs 1
a: Hop


You were on level 4 of the Dungeon.
You were hungry.

You visited 1 branch of the dungeon, and saw 3 of its levels.

You collected 15 gold pieces.

Inventory:

Hand Weapons
 a - a +0 falchion (weapon)
Armour
 b - a +1 leather armour (worn)
 c - a scarf of resistance (worn)
Scrolls
 g - a scroll of teleportation
 i - a scroll of immolation {unknown}
 j - a scroll of identify {unknown}
 k - a scroll of fog {unknown}
Potions
 e - 2 potions of degeneration {unknown}
Comestibles
 d - 2 rations
 l - 2 chunks of flesh


   Skills:
 + Level 2.9 Fighting
 * Level 3.4 Long Blades
 - Level 1.2 Armour
 + Level 2.6 Dodging
 - Level 2.1 Spellcasting
 * Level 4.0 Charms


You had one spell level left.
You knew the following spells:

 Your Spells              Type           Power        Failure   Level  Hunger
a - Infusion              Chrm           ##..         6%          1    #......
b - Song of Slaying       Chrm           ##......     9%          2    ###....
c - Shroud of Golubria    Chrm/Tloc      #.....       21%         2    ###....

Your spell library contained the following spells:

 Spells                   Type           Power        Failure   Level  Hunger
 Ozocubu's Armour         Chrm/Ice       #.......     36%         3    ###....
 Spectral Weapon          Hex/Chrm       #.......     36%         3    ###....


Dungeon Overview and Level Annotations

Branches:
Dungeon (2/15)

Altars:
Wu Jian

Annotations:
D:2 Jessica


Innate Abilities, Weirdness & Mutations

You can be seen from farther away. (+LOS)
You can swim through water.
You cover ground slowly.
You can hop short distances.


Message History

The orc is heavily wounded.
The orc hits you.
* * * LOW HITPOINT WARNING * * *
An orc priest comes into view. It is wielding a +0 club.
The orc priest hits you with a +0 club.
* * * LOW HITPOINT WARNING * * *
The orc misses you.
You closely miss the orc.
The orc is heavily wounded.
The orc hits you but does no damage.
The orc priest calls upon Beogh to heal the orc.
The orc's wounds heal themselves!
The orc priest hits you but does no damage.
The orc completely misses you.
You riposte.
You hit the orc.
The orc is heavily wounded.
You barely miss the orc priest.
You are feeling hungry.
The orc priest invokes the aid of Beogh against you.
Beogh smites you!
You die...

### .. ###.###
##.....## #
#.......# .##..
#.#.......#......
#....._.ooo...#
#.....@)#
#.....o.#
##.....## ###.###
.. .## .# #. .


You could see 2 orc priests and 2 orcs.

Vanquished Creatures
  3 adders (D:2)
  A dart slug (D:2)
  A leopard gecko (D:2)
  An orc (D:4)
  2 goblins
  3 hobgoblins (D:1)
  2 bats (D:1)
  A frilled lizard (D:2)
  4 kobolds
  2 rats (D:1)
20 creatures vanquished.

Notes
Turn   | Place    | Note
-------+----------+-------------------------------------------
     0 | D:1      | malesh the Barachi Skald began the quest for the Orb.
     0 | D:1      | Reached XP level 1. HP: 17/17 MP: 3/3
   423 | D:1      | Reached XP level 2. HP: 22/23 MP: 0/5
  1064 | D:2      | Reached XP level 3. HP: 23/28 MP: 0/6
  1080 | D:2      | Learned a level 2 spell: Song of Slaying
  1083 | D:2      | Learned a level 2 spell: Shroud of Golubria
  1374 | D:2      | Reached skill level 4 in Charms
  1449 | D:2      | Noticed Jessica
  1449 | D:2      | You fall into a shaft and drop 2 floors!
  1452 | D:4      | Found an ornate altar of the Wu Jian Council.
  1461 | D:4      | Killed from afar by an orc priest

Illustrated notes

Levels and vault maps discovered:
D:1:      dpeg_arrival_rooms_c, layout_basic
D:2:      layout_basic, zin_treasury, first_ration, uniq_sigmund, uniq_jessica
D:4:      layout_rooms, lemuel_coloured_pillars_altar, old_standard_altar,
          uniq_robin

Skill      XL: |  1  2  3 |
---------------+----------+-----
Long Blades    | 3 |  3.4
Charms         | 4 |  4.0
Fighting       | |  2.9
Armour         | |  1.2
Dodging        | |  2.6
Spellcasting   | |  2.1

Action                   || total
-------------------------++-------
Melee: Falchion          ||    54
 Cast: Infusion          ||    15
  Use: Scroll            ||     3
  Eat: Chunk             ||     2
Armor: Leather armour    ||    16
Dodge: Dodged            ||    42
       Rpst.: Falchion   ||    10
